 Dungeon Crawl Stone Soup version 0.18.1-6-gd335043 (webtiles) character file.

598 sqdabhfasfhibqihew the Chucker (level 7, -3/57 HPs)
             Began as a Minotaur Hunter on May 17, 2016.
             Slain by a killer bee (5 damage)
             ... on level 8 of the Dungeon.
             The game lasted 00:31:54 (7618 turns).

sqdabhfasfhibqihew the Chucker (Minotaur Hunter)    Turns: 7618, Time: 00:31:55

Health: -3/57      AC:  6    Str: 18    XL:     7   Next: 17%
Magic:  6/6        EV: 11    Int: 11    God:
Gold:   212        SH: 11    Dex: 11    Spells: 0 memorised, 6 levels left

rFire  . . .     SeeInvis .     g - +0 rapier
rCold  . . .     Gourm    .     f - +3 leather armour
rNeg   . . .     Faith    .     j - +2 shield
rPois  .         Spirit   .     (helmet restricted)
rElec  .         Dismiss  .     (no cloak)
rCorr  .         Reflect  .     (no gloves)
SustAt .         Harm     .     (no boots)
MR     .....                    (no amulet)
Stlth  +.........               (no ring)
                                A - +3 ring of intelligence

@: lethally poisoned (-3 -> -14), very slightly contaminated, hasted, very
quick, not resistant to hostile enchantments, very unstealthy
A: retaliatory headbutt, horns 2
a: no special abilities


You were on level 8 of the Dungeon.
You were full.

You visited 1 branch of the dungeon, and saw 6 of its levels.

You collected 212 gold pieces.

Inventory:

Hand Weapons
 a - a +0 short sword
 g - a +0 rapier (weapon)
 u - a +0 spear
 x - a +4 quarterstaff of chaos
 C - a +2 dagger of draining
Missiles
 c - 5 tomahawks
 d - 2 throwing nets
 o - 2 large rocks
 p - 105 stones
 v - 5 javelins (quivered)
Armour
 b - a +0 leather armour
 e - a +0 ring mail
 f - a +3 leather armour (worn)
 j - a +2 shield (worn)
 y - a +0 cloak
 D - a -2 ring mail
Jewellery
 k - an uncursed ring of teleportation
 A - a +3 ring of intelligence (left hand)
Scrolls
 h - 3 scrolls of identify
 i - a scroll of remove curse
 q - 2 scrolls of amnesia
Potions
 l - a potion of curing {unknown}
 m - a potion of might
 z - a potion of lignification
Comestibles
 r - a slice of pizza
 s - a fruit


   Skills:
 + Level 3.5 Fighting
 + Level 1.4 Short Blades
 + Level 5.4 Throwing
 + Level 3.6 Armour
 + Level 4.6 Dodging
 + Level 1.3 Stealth
 + Level 3.5 Shields


You had 6 spell levels left.
You didn't know any spells.

Dungeon Overview and Level Annotations

Branches:
Dungeon (5/15)             Temple (0/1) D:4

Altars:
Ashenzari
Qazlal
Ru


Innate Abilities, Weirdness & Mutations

You reflexively headbutt those who attack you in melee.
You have a pair of horns on your head.


Message History

Drink which item? (? for menu, Esc to quit)
It was a potion of haste.
You feel yourself speed up.
You feel sick. The killer bee stings you!
* * * LOW HITPOINT WARNING * * *
You are lethally poisoned!
The killer bee poisons you! The killer bee stings you!
* * * LOW HITPOINT WARNING * * *
You are very lightly contaminated with residual magic.
* * * LOW HITPOINT WARNING * * *
You feel sick.
You puncture the killer bee!
You kill the killer bee!
Your life force feels restored.
* * * LOW HITPOINT WARNING * * *
You feel sick.
* * * LOW HITPOINT WARNING * * *
You feel sick.
* * * LOW HITPOINT WARNING * * *
You feel sick. The killer bee stings you.
You die...

.......###..##
.......# #..##
.......###...####
######...##.....#
###.....##....
###.#..#####
#.......#
#####...## ###@.#
#.y##### #y.....#
##y###...) #.# ..
#y# ..# ... ....


You could see 4 killer bees.

Vanquished Creatures
  The ghost of Dragandan the Charmwright, an amateur MfSk of Makhleb (D:3)
  2 killer bees (D:8)
  Crazy Yiuf (D:3)
  An orc priest (D:3)
  A hound (D:4)
  Natasha (D:2)
  An orc wizard (D:3)
  2 worker ants
  Robin (D:3)
  6 adders
  2 worms (D:4)
  2 dart slugs
  7 giant geckos
  16 orcs
  5 giant cockroaches
  11 goblins
  11 hobgoblins
  13 jackals
  3 quokkas
  A ball python (D:2)
  A bat (D:3)
  A giant gecko skeleton (D:4)
  A giant newt (D:2)
  7 kobolds
  11 rats
109 creatures vanquished.

Notes
Turn   | Place    | Note
--------------------------------------------------------------
     0 | D:1      | sqdabhfasfhibqihew the Minotaur Hunter began the quest for the Orb.
     0 | D:1      | Reached XP level 1. HP: 18/18 MP: 0/0
   350 | D:1      | Reached XP level 2. HP: 25/25 MP: 1/1
  1077 | D:2      | Found a stormy altar of Qazlal.
  1569 | D:2      | Reached XP level 3. HP: 24/30 MP: 2/2
  2017 | D:3      | Noticed Dragandan's ghost (amateur MfSk)
  2234 | D:3      | Killed Dragandan's ghost
  2234 | D:3      | Reached skill level 5 in Throwing
  2234 | D:3      | Reached skill level 1 in Stealth
  2234 | D:3      | Reached skill level 1 in Shields
  2234 | D:3      | Reached XP level 4. HP: 10/37 MP: 3/3
  2234 | D:3      | Reached XP level 5. HP: 12/42 MP: 4/4
  2333 | D:3      | Noticed Natasha
  2348 | D:2      | Killed Natasha
  3056 | D:3      | Noticed Crazy Yiuf
  3064 | D:3      | Killed Crazy Yiuf
  3064 | D:3      | Reached XP level 6. HP: 13/50 MP: 5/5
  4390 | D:3      | Noticed Robin
  4440 | D:3      | Killed Robin
  4440 | D:3      | Reached skill level 1 in Short Blades
  4707 | D:3      | Found a sacrificial altar of Ru.
  5057 | D:4      | Found a shattered altar of Ashenzari.
  5387 | D:4      | Found a staircase to the Ecumenical Temple.
  7523 | D:5      | Entered Level 5 of the Dungeon
  7530 | D:5      | Reached XP level 7. HP: 44/57 MP: 6/6
  7561 | D:5      | You fall through a shaft for 3 floors!
  7618 | D:8      | HP: 2/57 [poisoned by a killer bee]
  7618 | D:8      | Slain by a killer bee

Skill      XL: |  1  2  3  4  5  6 |
---------------+-------------------+-----
Throwing       | 5 |  5.4
Armour         | 2 3 |  3.6
Dodging        | 3 4 |  4.6
Stealth        | 1 |  1.3
Shields        | 1 2 3 |  3.5
Fighting       | 3 |  3.5
Short Blades   | 1 |  1.4

Action                   |  1- 3 |  4- 6 |  7- 9 || total
-------------------------+-------+-------+-------++-------
Melee: Short sword       |    49 |   180 |       ||   229
       Headbutt          |     8 |    42 |       ||    50
       Dagger            |       |    50 |       ||    50
       Rapier            |       |     8 |    11 ||    19
Throw: Javelin           |    28 |    11 |       ||    39
       Throwing net      |     2 |     1 |       ||     3
  Use: Scroll            |     2 |     8 |       ||    10
       Potion            |     2 |     2 |     1 ||     5
  Eat: Bread ration      |     1 |     1 |       ||     2
       Meat ration       |     1 |       |     1 ||     2
       Pizza             |     1 |       |       ||     1
       Fruit             |       |     3 |       ||     3
       Beef jerky        |       |     1 |       ||     1
       Chunk             |       |     1 |       ||     1
Armor: Ring mail         |    22 |     8 |       ||    30
       Leather armour    |       |    64 |     1 ||    65
Dodge: Dodged            |    23 |   102 |    10 ||   135
Block: Shield            |    30 |   142 |     9 ||   181
